Map: New Gettysburg LE

Players

Cdub

  • Race: Terran Terran
  • League: Gold

GeWizza - Winner!

  • Race: Protoss Protoss

VOD

Have the link to the VOD?

Description

Time

  • Played on: July 28, 2016, 9:13 p.m.
  • Length: 14:25
Show
View Real Time Build Order
Export as new Build Order

Cdub Terran 

Build Orders: Command Center First (CC) 

Get SALT Encoding   

  12  0:02  SCV  
  13  0:14  SCV  
  14  0:30  Supply Depot  
  14  0:32  SCV  
  15  0:52  SCV  
  16  1:04  SCV  
  17  1:11  Command Center  
  17  1:16  SCV  
  18  1:21  Barracks  
  18  1:28  SCV  
  18  1:31  Refinery  
  19  1:39  Refinery  
  19  1:40  SCV  
  20  1:58  SCV  
  21  2:10  Barracks  
  21  2:12  SCV  
  21  2:14  Barracks Tech Lab  
  21  2:24  Orbital Command  
  21  2:29  Orbital Command  
  21  2:35  Concussive Shells  
  21  2:39  Orbital Command  
  21  2:41  Marauder  
  23  2:59  SCV  
  23  3:05  SCV  
  25  3:09  Barracks Tech Lab  
  25  3:10  Marauder  
  25  3:11  SCV  
  28  3:17  SCV  
  29  3:23  SCV  
  29  3:27  Supply Depot  
  30  3:29  SCV  
  30  3:31  Marauder  
  30  3:32  Marauder  
  35  3:35  SCV  
  35  3:41  SCV  
  37  3:44  Refinery  
  37  3:48  SCV, Refinery  
  38  3:53  SCV  
  38  3:54  Factory  
  36  4:00  Marine x2  
  34  4:05  SCV  
  35  4:12  Engineering Bay  
  24  4:42  Widow Mine  
  24  5:00  Missile Turret  
  24  5:04  SCV  
  21  5:09  Missile Turret  
  21  5:16  SCV  
  21  5:24  SCV  
  26  5:35  Marauder x2  
  26  5:37  SCV  
  27  5:44  SCV  
  27  5:49  SCV  
  29  5:56  SCV  
  30  6:01  SCV  
  31  6:08  SCV  
  30  6:13  SCV  
  29  6:20  SCV  
  29  6:22  Widow Mine  
  27  6:25  SCV  
  27  6:32  SCV  
  26  6:37  SCV  
  27  6:43  Marauder x2  
  27  6:44  SCV  
  32  6:50  Widow Mine, Factory  
  32  7:04  Marauder x2  
  36  7:08  SCV  
  36  7:13  SCV  
  38  7:20  SCV  
  39  7:24  Factory Tech Lab  
  39  7:25  SCV  
  40  7:32  SCV  
  40  7:36  Widow Mine  
  39  7:37  SCV  
  39  7:42  Marauder x2  
  38  7:47  Siege Tank  
  38  7:49  SCV  
  38  8:03  Marauder  
  38  8:04  Marauder  
  29  8:17  Widow Mine  
  29  8:25  Siege Tank  
  36  8:27  Marauder x2  
  28  8:53  SCV  
  29  8:57  SCV  
  30  9:05  SCV  
  30  9:09  SCV, Missile Turret  
  32  9:13  Widow Mine  
  33  9:18  SCV  
  33  9:21  SCV  
  35  9:30  SCV  
  36  9:33  SCV  
  37  9:41  Siege Tank  
  37  9:42  SCV  
  37  9:44  Factory Tech Lab  
  37  9:45  SCV  
  42  9:58  Marauder x2  
  29  10:56  Siege Tank  
  32  11:00  SCV  
  33  11:06  Factory Tech Lab  
  33  11:13  SCV  
  33  11:18  SCV  
  35  11:24  Marauder x2  
  35  11:25  SCV  
  40  11:28  Siege Tank  
  40  11:30  SCV  
  44  11:37  SCV  
  45  11:42  SCV  
  46  11:54  Supply Depot  
  46  12:04  Stimpack  
  46  12:06  Supply Depot  
  46  12:11  Terran Infantry Weapons Level 1  
  46  12:16  SCV x2  
  46  12:21  Engineering Bay  
  48  12:28  SCV x2  
  50  12:40  SCV x2  
  50  12:42  Siege Tank  
  50  12:43  Siege Tank  
  58  12:52  SCV x2  
  54  13:04  SCV x2  
  36  13:16  SCV  
  34  13:24  Marauder x2  
  38  13:28  SCV  
  33  13:45  Marauder x2  
Show
View Real Time Build Order
Export as new Build Order

GeWizza Protoss - Winner!

Build Orders: Oracle Opening 

Get SALT Encoding   

  12  0:01  Probe (Chrono Boost)  
  13  0:14  Pylon  
  13  0:19  Probe (Chrono Boost)  
  14  0:30  Probe (Chrono Boost)  
  14  0:35  Gateway  
  15  0:42  Assimilator  
  15  0:46  Probe (Chrono Boost)  
  17  0:57  Probe (Chrono Boost)  
  17  1:11  Probe (Chrono Boost)  
  18  1:15  Pylon  
  18  1:22  Cybernetics Core  
  18  1:24  Gateway  
  18  1:30  Assimilator  
  18  1:33  Probe (Chrono Boost)  
  19  1:56  Probe (Chrono Boost)  
  20  2:17  Stargate  
  20  2:23  Warp Gate  
  20  2:29  Nexus  
  20  2:31  Probe (Chrono Boost)  
  21  2:44  Probe (Chrono Boost)  
  22  2:47  Pylon  
  22  2:56  Oracle  
  27  3:05  Adept  
  27  3:10  Adept  
  29  3:27  Oracle  
  32  3:43  Probe (Chrono Boost)  
  32  3:44  Probe (Chrono Boost)  
  34  3:53  Probe (Chrono Boost)  
  36  3:56  Probe (Chrono Boost)  
  36  4:08  Probe (Chrono Boost)  
  33  4:43  Oracle  
  33  4:44  Probe (Chrono Boost)  
  35  4:45  Probe (Chrono Boost)  
  35  4:50  Gateway  
  35  4:51  Gateway  
  38  4:55  Probe (Chrono Boost)  
  38  4:57  Pylon  
  38  4:58  Pylon, Probe (Chrono Boost)  
  40  5:02  Pylon  
  37  5:25  Phoenix  
  39  5:33  Adept x2  
  43  5:42  Twilight Council  
  43  5:46  Phoenix, Pylon  
  43  5:50  Gateway  
  43  5:53  Adept  
  43  5:54  Adept x3, Gateway  
  43  5:57  Probe (Chrono Boost)  
  55  5:58  Probe (Chrono Boost)  
  55  6:07  Probe (Chrono Boost)  
  55  6:10  Probe (Chrono Boost)  
  57  6:22  Probe (Chrono Boost)  
  52  6:48  Stalker x4  
  60  7:05  Stalker x2  
  64  7:15  Robotics Facility  
  64  7:18  Assimilator  
  64  7:20  Stalker x4, Assimilator  
  54  8:11  Stalker x6  
  62  8:16  Warp Prism  
  42  9:26  Adept x2  
  42  9:27  Adept x4  
  42  9:30  Observer  
  55  9:50  Nexus  
  55  9:52  Pylon, Observer  
  56  9:55  Pylon  
  56  9:59  Pylon  
  56  10:13  Observer  
  55  10:17  Adept x5  
  55  10:18  Adept  
  49  10:47  Stalker x4  
  49  10:48  Stalker x2  
  57  10:55  Gateway  
  57  10:56  Gateway  
  55  10:59  Gateway  
  55  11:03  Gateway  
  59  11:04  Immortal  
  59  11:10  Stalker x3  
  59  11:11  Stalker x2  
  67  11:12  Stalker  
  67  11:13  Gateway  
  67  11:16  Gateway  
  71  11:20  Probe x2 (Chrono Boost)  
  71  11:21  Probe (Chrono Boost)  
  75  11:33  Probe (Chrono Boost)  
  75  11:34  Sentry x2  
  75  11:35  Sentry  
  75  11:36  Sentry x2  
  85  11:55  Adept x3  
  85  11:56  Adept  
  85  11:58  Blink  
  93  12:19  Adept x3  
  93  12:20  Adept x2  
  102  12:45  Adept x5  
  102  12:46  Adept x2  
  81  13:03  Stalker x3  
  73  13:13  Adept x3  
  67  13:35  Adept x4  
  67  13:36  Adept x2  
  71  13:58  Adept x2  
  71  13:59  Adept x3  
  73  14:20  Adept x2  
Tags
 
Add a new tag
Caveats
  • Supply blocks, unpowered buildings, or Contaminate may cause inaccurate times.
  • Supply counts are checked every 10 seconds.